 Dungeon Crawl Stone Soup version 0.29.1-15-g9cfb28693d (webtiles) character file.

Game seed: 13652192609355410225

547 kingofthe the Covert (level 7, -6/32 HPs)
             Began as a Spriggan Enchanter on Mar 13, 2023.
             Killed from afar by a white imp (9 damage)
             ... with a puff of frost
             ... on level 5 of the Dungeon.
             The game lasted 00:11:56 (5062 turns).

kingofthe the Covert (Spriggan Enchanter)           Turns: 5062, Time: 00:11:57

Health: -6/32      AC:  2    Str:  4    XL:     7   Next: 7%
Magic:  14/14      EV: 28    Int: 16    God:
Gold:   206        SH:  0    Dex: 18    Spells: 10/15 levels left

rFire   . . .      SeeInvis +   a - +1 dagger
rCold   . . .      Faith    .   (no shield)
rNeg    . . .      Spirit   .   b - +0 robe
rPois   .          Reflect  .   (helmet restricted)
rElec   .          Harm     .   (no cloak)
rCorr   .          Rampage  .   (gloves unavailable)
Will    +....                   (boots unavailable)
Stlth   ++++......              (no amulet)
HPRegen 0.10/turn               E - +4 ring of evasion
MPRegen 0.14/turn               e - +4 ring of evasion

@: very quick
A: very small, no large weapons, unfitting armour, see invisible, speed 3
a: no special abilities


You were on level 5 of the Dungeon.
You visited 1 branch of the dungeon, and saw 5 of its levels.

You collected 206 gold pieces.


Innate Abilities, Weirdness & Mutations

You are very small and have problems with some larger weapons.
You are too small for most types of armour.
You have supernaturally acute eyesight. (SInv)
You cover ground extremely quickly. (Speed+++)


   Skills:
 - Level 1.1 Short Blades
 + Level 5.5 Dodging
 * Level 8.8 Stealth
 + Level 4.5 Spellcasting
 + Level 5.1 Hexes


You had 10 spell levels left.
You knew the following spells:

 Your Spells              Type           Power      Damage    Failure   Level
a - Ensorcelled Hibernat  Hex/Ice        22%        N/A       9%          2
b - Confusing Touch       Hex            20%        N/A       6%          3

Your spell library contained the following spells:

 Spells                   Type           Power      Damage    Failure   Level
 Tukima's Dance           Hex            20%        N/A       6%          3
 Dazzling Flash           Conj/Hex       22%        N/A       17%         3

Inventory:

Hand Weapons
 a - a +1 dagger (weapon)
 t - the +7 trident of the Madman {freeze, rCorr Int+2}
   (You found it on level 4 of the Dungeon)

   It freezes those it strikes, dealing additional cold damage.
   It can also slow down cold-blooded creatures.
   Int:       It affects your intelligence (+2).
   rCorr:     It protects you from acid and corrosion.
Missiles
 h - 9 poisoned darts (quivered)
 o - 6 atropa-tipped darts
Armour
 b - a +0 robe (worn)
Jewellery
 e - a +4 ring of evasion (right hand)
 E - a +4 ring of evasion (left hand)
 I - a +6 ring of intelligence
 Z - a ring of wizardry
Wands
 s - a wand of iceblast (8)
 v - a wand of polymorph (11)
Scrolls
 f - 6 scrolls of identify {unknown}
 i - a scroll of vulnerability {unknown}
 m - 3 scrolls of teleportation {unknown}
 p - a scroll of amnesia {unknown}
 q - a scroll of enchant armour {unknown}
 r - a scroll of immolation {unknown}
 u - a scroll of poison {unknown}
Potions
 c - 4 potions of invisibility
 d - a potion of degeneration {unknown}
 g - a potion of heal wounds {unknown}
 j - a potion of lignification {unknown}
 k - 2 potions of mutation {unknown}
 l - 3 potions of flight {unknown}
 n - a potion of cancellation {unknown}

Dungeon Overview and Level Annotations

Branches:
Dungeon (5/15)             Temple (0/1) D:5

Altars:
Dithmenos
Elyvilon
Fedhas
Okawaru

Shops:
D:2 [

Annotations:
D:4 Dowan, Duvessa, Natasha
D:5 exclusions: ice beast and water moccasin

...... .. ##....#......
#### #.....#...... ##
##..####............
#..##.....#.............
#.....~~~...............
#....~~§~~..............
##~~§§~~~.............
#.~§~@§5§....$........
#...§§§§~§§##..........#
#....~~§~~..........###.
##....§~§..#...#.#▒#...#
#.####....#..###.#....#
# #....#▒#.. #.....#
.####. ...#....#. #▒ #.
...#...#▒# #.###.#.


You could see a white imp.


Message History

The white imp gestures at you. The puff of frost hits you.
You closely miss the white imp. The white imp gestures at you.
The puff of frost misses you.
You hit the white imp.
The white imp is heavily wounded.
You hit the white imp.
The white imp is heavily wounded.
The white imp gestures at you. The puff of frost hits you!
* * * LOW HITPOINT WARNING * * *
You are too injured to fight recklessly!
You hit the white imp but do no damage.
The white imp is heavily wounded.
The white imp gestures at you. The puff of frost misses you.
The white imp completely misses you.
Okay, then.
You enter the shallow water.
Moving in this stuff is going to be slow.
The white imp gestures at you. The puff of frost hits you!
* * * LOW HITPOINT WARNING * * *
There is a staircase to the Ecumenical Temple here.
You can't go up here!
Okay, then.
The white imp gestures at you. The puff of frost hits you!
You die...

Skill      XL: |  1  2  3  4  5  6 |
---------------+-------------------+-----
Dodging        | 3 4 5 |  5.5
Stealth        | 5 6 7 8 |  8.8
Spellcasting   | 3 4 |  4.5
Hexes          | 4 5 |  5.1
Short Blades   | |  1.1

Action                   |  1- 3 |  4- 6 |  7- 9 || total
-------------------------+-------+-------+-------++-------
Melee: Dagger            |   139 |   101 |     6 ||   246
       Punch             |       |     2 |       ||     2
Throw: Dart              |       |     1 |       ||     1
 Cast: Ensorcelled Hiber |    26 |    11 |       ||    37
 Stab: Sleeping          |    30 |    26 |       ||    56
Armor: Robe              |     9 |     4 |       ||    13
Dodge: Dodged            |   102 |    62 |     4 ||   168

Levels and vault maps discovered:
D:1:      dpeg_arrival_shrine, layout_basic,
          hellmonk_ecumenical_altar_pennies_from_heaven, minmay_bisected
D:2:      layout_loops_ring, serial_shops, nicolae_shop_waterfront, basic_altar,
          grunt_decor_arrowhead
D:3:      layout_rooms
D:4:      layout_loops_ring, gammafunk_temple_overflow_forgotten, uniq_menkaure,
          uniq_natasha, uniq_duvessa
D:5:      nicolae_BIG_FREAKIN_CUBE, layout_cave_pools, minmay_temple_entry_mist,
          serial_shops, kennysheep_mini_moat, hangedman_minor_gate_pass

Notes
Turn   | Place    | Note
-------+----------+-------------------------------------------
     0 | D:1      | kingofthe the Spriggan Enchanter began the quest for the
                  | Orb.
     0 | D:1      | Reached XP level 1. HP: 9/9 MP: 5/5
   273 | D:1      | Reached skill level 3 in Dodging
   291 | D:1      | Reached XP level 2. HP: 8/13 MP: 6/6
   294 | D:1      | Learned a level 2 spell: Ensorcelled Hibernation
   725 | D:1      | Reached skill level 5 in Stealth
  1145 | D:1      | Found a faded altar of an unknown god.
  1558 | D:1      | Reached XP level 3. HP: 16/16 MP: 8/8
  2040 | D:1      | Reached skill level 4 in Dodging
  2396 | D:2      | Found a blossoming altar of Fedhas.
  2694 | D:2      | Found Gaiheat's Antique Armour Emporium.
  2978 | D:2      | Reached skill level 3 in Spellcasting
  3107 | D:2      | Learned a level 3 spell: Confusing Touch
  3147 | D:2      | Reached skill level 6 in Stealth
  3147 | D:2      | Reached XP level 4. HP: 18/21 MP: 2/9
  3759 | D:3      | Reached skill level 4 in Hexes
  3938 | D:4      | Noticed a scorpion
  3942 | D:4      | Killed a scorpion
  3943 | D:4      | Reached XP level 5. HP: 24/24 MP: 7/11
  4069 | D:4      | Found a shadowy altar of Dithmenos.
  4070 | D:4      | Found a white marble altar of Elyvilon.
  4071 | D:4      | Found an iron altar of Okawaru.
  4076 | D:4      | Reached skill level 7 in Stealth
  4125 | D:4      | Noticed Dowan
  4255 | D:4      | Noticed Menkaure
  4256 | D:4      | Identified the +7 trident of the Madman {freeze, rCorr
                  | Int+2}
  4258 | D:4      | Killed Menkaure
  4259 | D:4      | Reached skill level 5 in Dodging
  4259 | D:4      | Reached XP level 6. HP: 28/28 MP: 12/12
  4264 | D:4      | Noticed Natasha
  4366 | D:4      | Reached skill level 4 in Spellcasting
  4459 | D:4      | Reached skill level 8 in Stealth
  4634 | D:4      | Noticed Duvessa
  4750 | D:5      | Entered Level 5 of the Dungeon
  4860 | D:5      | Noticed an ice beast
  4898 | D:5      | Noticed a water moccasin
  4954 | D:5      | Reached skill level 5 in Hexes
  5036 | D:5      | Reached XP level 7. HP: 32/32 MP: 14/14
  5048 | D:5      | Found a staircase to the Ecumenical Temple.
  5059 | D:5      | HP: 3/32 [white imp/puff of frost (12)]
  5062 | D:5      | Killed from afar by a white imp

Vanquished Creatures
  Menkaure (D:4)
  A necrophage (D:5)
  A scorpion (D:4)
  2 hounds (D:5)
  An orc priest (D:4)
  2 iguanas
  5 adders
  A white imp (D:5)
  An ufetubus (D:3)
  2 worms
  2 dart slugs
  7 orcs
  6 ball pythons
  4 bats
  7 endoplasms
  4 giant cockroaches
  7 goblins
  10 hobgoblins
  7 jackals
  5 quokkas
  6 frilled lizards
  6 kobolds
  4 rats
92 creatures vanquished.

Table legend: (Time is in decaauts)
 A = Elapsed time spent in this place.
 B = Non-inter-level travel time spent in this place.
 C = Inter-level travel time spent in this place.
 D = Time resting spent in this place.
 E = Time spent auto-exploring this place.
 F = Levels seen in this place.
 G = Mean time per level.
                   A        B        C        D        E       F      G
               +--------+--------+--------+--------+--------+-----+--------+
         Total |   3919 |   3811 |    108 |    805 |   2355 |   5 |  783.8 |
       Dungeon |   3919 |   3811 |    108 |    805 |   2355 |   5 |  783.8 |
               +--------+--------+--------+--------+--------+-----+--------+

Top non-repeatable levels by time:
     D:1: 2006 daAuts
     D:2: 645 daAuts
     D:4: 596 daAuts
     D:3: 444 daAuts
     D:5: 226 daAuts

Table legend:
 A = Non-vault XP
 B = Vault XP
 C = Vault XP percentage of total XP
 D = Non-vault monster count
 E = Vault monster count
 F = Vault count percentage of total count
                 A         B        C        D         E       F
            +---------+---------+-------+---------+---------+-------
      Total |     530 |     252 |  32.2 |      82 |      10 |  10.9
            +---------+---------+-------+---------+---------+-------
        D:1 |      52 |       7 |  11.9 |      30 |       5 |  14.3
        D:2 |      47 |       0 |   0.0 |      16 |       0 |   0.0
        D:3 |      50 |       0 |   0.0 |      17 |       0 |   0.0
        D:4 |     199 |     172 |  46.4 |      14 |       1 |   6.7
        D:5 |     182 |      73 |  28.6 |       5 |       4 |  44.4
            +---------+---------+-------+---------+---------+-------
